 Dungeon Crawl Stone Soup version 0.19-a0-1587-gaef70b6 (webtiles) character file.

777 jacquesderrida the Insei (level 7, 0/39 HPs)
             Began as a Vine Stalker Wanderer on Sept 16, 2016.
             Succumbed to a killer bee's poison
             ... on level 5 of the Dungeon.
             The game lasted 00:13:29 (1817 turns).

jacquesderrida the Insei (Vine Stalker Wanderer)    Turns: 1817, Time: 00:13:30

Health: 0/39       AC:  5    Str: 14    XL:     7   Next: 84%
Magic:  4/8        EV: 16    Int: 14    God:
Gold:   40         SH:  0    Dex: 19    Spells: 0 memorised, 6 levels left

rFire  . . .     SeeInvis .       - Unarmed
rCold  . . .     Gourm    .     w - +0 ring mail
rNeg   . . .     Faith    .     (no shield)
rPois  .         Spirit   +     (no helmet)
rElec  .         Dismiss  .     (no cloak)
rCorr  .         Reflect  .     (no gloves)
MR     .....     Harm     .     (no boots)
Stlth  +++.......               (no amulet)
                                (no ring)
                                (no ring)

@: agile, lethally poisoned (0 -> -8), flying, very slightly contaminated,
hasted, very quick
A: fangs 2, regeneration 1, magic shield, antimagic bite, no device heal 3, rot
immunity
a: no special abilities


You were on level 5 of the Dungeon.
You were not hungry.

You visited 1 branch of the dungeon, and saw 6 of its levels.

You collected 172 gold pieces.
You spent 132 gold pieces at shops.

Inventory:

Hand Weapons
 b - a +3 blowgun
 c - a +0 hand crossbow
 g - a +0 dagger
 l - a cursed -3 mace
Missiles
 d - 29 bolts
 n - 4 poisoned needles
Armour
 e - a +0 hat
 f - a +0 robe
 o - a +0 leather armour
 w - a +0 ring mail (worn)
Jewellery
 p - a +2 amulet of reflection {unknown}
Scrolls
 q - a scroll of enchant armour
 r - a scroll of noise
 v - a scroll of random uselessness {unknown}
 y - a scroll of immolation {unknown}
 z - 2 scrolls of fog
 C - a scroll of magic mapping {unknown}
 D - a scroll of fear {unknown}
 E - a scroll of amnesia {unknown}
Potions
 m - a potion of haste
 s - 2 potions of agility
Comestibles
 h - 3 bread rations
 j - a chunk of flesh
 k - a royal jelly
 F - a slice of pizza


   Skills:
 + Level 5.7 Fighting
 - Level 1.7 Crossbows
 - Level 1.7 Throwing
 - Level 1.0 Armour
 + Level 1.4 Dodging
 - Level 2.4 Stealth
 * Level 5.8 Unarmed Combat


You had 6 spell levels left.
You didn't know any spells.

Dungeon Overview and Level Annotations

Branches:
Dungeon (6/15)
 Temple: D:4-7

Altars:
Dithmenos
Gozag
Okawaru
The Shining One

Shops:
D:4 *(   D:5 *


Innate Abilities, Weirdness & Mutations

You have extremely sharp teeth.
Your natural rate of healing is unusually fast.
When hurt, damage is shared between your health and your magic reserves.
Your bite disrupts and absorbs the magic of your enemies.
Potions and wands cannot restore your health.
You are immune to rotting.


Message History

As you read the scroll labeled QIMADI GIBE, it crumbles to dust.
You feel blessed for a moment.
It was a scroll of remove curse.
* * * LOW HITPOINT WARNING * * *
You feel sick. The killer bee misses you.
Unknown command.
As you read the scroll labeled GUOZXEZ VUVA, it crumbles to dust.
It is a scroll of recharging.
You aren't carrying any rechargeable items.
* * * LOW HITPOINT WARNING * * *
You feel sick. The killer bee closely misses you. x2
Unknown command.
As you read the scroll labeled METOCU DOTOR, it crumbles to dust.
It is a scroll of enchant armour.
Really abort (and waste the scroll)? [Y]es or [N]o only, please.
Really abort (and waste the scroll)? [Y]es or [N]o only, please.
Really abort (and waste the scroll)?
Okay, then.
You die...

#...#########.##.#.#######..###..
.................................
..#.##........##.#.##.......#####
#.#.##.#########.#.#........# #
....##.# #.#.#..####### #.####.#
#.#.#..# #.# #.# #y#.#..### #..
..# #y#......# ## ######
#@#......# #....# #.#......#
#....# #.#......#
######....######.#........
.................########..
.#####....######## .
.#...............#
.#.#############.#
.#.#.......<####.#


You could see 2 killer bees.

Vanquished Creatures
  The ghost of HaroldButt the Slasher, an amateur DsBe of Trog (D:4)
  A necrophage (D:4)
  An ogre (D:4)
  A scorpion (D:4)
  A crimson imp (D:4)
  A hound (D:4)
  A jelly (D:5)
  A centaur skeleton (D:4)
  Jessica (D:2)
  4 worker ants
  A worker ant zombie (D:5)
  7 gnolls
  5 adders
  An ooze (D:5)
  4 worms
  2 dart slugs
  4 leopard geckos
  10 orcs
  A bat (D:3)
  A giant cockroach (D:3)
  5 goblins
  3 quokkas
  A ball python (D:2)
  3 frilled lizards
  A kobold (D:1)
  3 rats
65 creatures vanquished.

Notes
Turn   | Place    | Note
-------+----------+-------------------------------------------
     0 | D:1      | jacquesderrida the Vine Stalker Wanderer began the quest for the Orb.
     0 | D:1      | jacquesderrida set off with: 4 curare-tipped needles, a +2 blowgun, a +0 hand crossbow, 23 bolts, a potion of lignification, a +0 robe, a +0 dagger, a bread ration
     0 | D:1      | Reached XP level 1. HP: 11/11 MP: 2/2
    33 | D:2      | Reached XP level 2. HP: 16/16 MP: 3/3
    36 | D:2      | Noticed Jessica
    47 | D:2      | Killed Jessica
    47 | D:2      | Reached XP level 3. HP: 16/21 MP: 2/4
   132 | D:2      | Gained mutation: Your natural rate of healing is unusually fast. [Vine Stalker growth]
   132 | D:2      | Reached XP level 4. HP: 25/25 MP: 5/5
   162 | D:2      | Reached skill level 1 in Unarmed Combat
   247 | D:3      | Found an opulent altar of Gozag.
   371 | D:3      | Reached XP level 5. HP: 30/30 MP: 6/6
   491 | D:4      | Found Qunamnen's Assorted Antiques.
   495 | D:4      | Bought a scroll labeled METOCU DOTOR for 22 gold pieces
   495 | D:4      | Bought a scroll labeled HUEDOD ZEFOA for 22 gold pieces
   531 | D:4      | Noticed an ogre
   554 | D:4      | Killed an ogre
   563 | D:4      | Reached XP level 6. HP: 34/35 MP: 7/7
   582 | D:4      | Noticed HaroldButt's ghost (amateur DsBe)
   606 | D:4      | Killed HaroldButt's ghost
   606 | D:4      | Reached skill level 5 in Fighting
   606 | D:4      | Reached XP level 7. HP: 39/39 MP: 8/8
   743 | D:4      | Found an iron altar of Okawaru.
   906 | D:5      | Entered Level 5 of the Dungeon
   928 | D:5      | Found Eteuhol's General Store.
  1006 | D:5      | Reached skill level 5 in Unarmed Combat
  1065 | D:4      | Found a glowing golden altar of the Shining One.
  1164 | D:4      | Found Futono's Antique Weapon Shop.
  1238 | D:3      | Found a shadowy altar of Dithmenos.
  1442 | D:4      | Bought a scroll labeled HUEDOD ZEFOA for 22 gold pieces
  1442 | D:4      | Bought a scroll labeled FOINUIQOED for 22 gold pieces
  1442 | D:4      | Bought a scroll labeled METOCU DOTOR for 22 gold pieces
  1442 | D:4      | Bought a scroll labeled HAFYADDUEDGH for 22 gold pieces
  1493 | D:4      | Reached skill level 1 in Dodging
  1816 | D:5      | HP: 1/39 [poisoned by a killer bee]
  1817 | D:5      | Succumbed to a killer bee's poison

Vault maps used:
D:1:      eino_arrival_water_cross, nemelex_diamond_rough_becter
D:2:      uniq_sigmund, uniq_iyjb, uniq_jessica
D:3:      nicolae_gozag_cash_rules_everything_around_me,
          nicolae_dithmenos_shadow_blocks, first_bread
D:4:      lemuel_doored_altar, kennysheep_okawaru_gauntlet, serial_shops,
          shop_statue, shop, shop, minmay_vboxes
D:5:      serial_shops, shop
D:6:      lemuel_round_altar, serial_shops, nicolae_shop_crystal,
          nicolae_shop_temple_entry_statues_fountains, nicolae_shop_statue_plus,
          nicolae_shop_waterfront, uniq_pikel, uniq_grinder

Skill      XL: |  1  2  3  4  5  6  7 |
---------------+----------------------+-----
Fighting       | 3 4 5 |  5.7
Unarmed Combat | 2 3 4 5 |  5.8
Dodging        | 1 |  1.4
Crossbows      | |  1.7
Throwing       | |  1.7
Armour         | |  1.0
Stealth        | |  2.4

Action                   |  1- 3 |  4- 6 |  7- 9 || total
-------------------------+-------+-------+-------++-------
Melee: Unarmed           |       |    13 |   146 ||   159
       Bite              |       |       |    41 ||    41
       Punch             |       |       |     1 ||     1
 Fire: Hand crossbow     |    15 |    29 |       ||    44
       Blowgun           |     4 |    36 |    14 ||    54
  Use: Potion            |       |     1 |     7 ||     8
       Scroll            |       |       |     6 ||     6
 Stab: Sleeping          |       |       |     2 ||     2
  Eat: Chunk             |       |       |     3 ||     3
Armor: Robe              |     2 |     2 |       ||     4
       Skin              |       |    11 |       ||    11
       Ring mail         |       |       |    31 ||    31
       Leather armour    |       |       |     3 ||     3
Dodge: Dodged            |     6 |    21 |   120 ||   147
